 Dungeon Crawl Stone Soup version 0.31-a0-963-ga325b2283a (webtiles) character file.

Game seed: 3329157962715751488

463 Maxmaps the Changeling (level 7, 0/43 HPs)
             Began as an Octopode Shapeshifter on Oct 25, 2023.
             Slain by a scorpion (3 damage)
             ... on level 4 of the Dungeon.
             The game lasted 00:03:46 (2876 turns).

Maxmaps the Changeling (Octopode Shapeshifter)      Turns: 2876, Time: 00:03:46

Health: 0/43       AC:  1    Str: 13    XL:     7   Next: 7%
Magic:  7/7        EV: 13    Int: 14    God:
Gold:   114        SH:  0    Dex: 12    Spells: 6/6 levels left

rFire   . .          .
                       - Unarmed
rCold   + . .        (no shield)
rNeg    . . .        (helmet currently unavailable)
rPois   .            (no amulet)
rElec   .            g - ring of protection from cold
rCorr   .            (no ring)
SInv    .            (no ring)
Will    .....        (no ring)
Stlth   ++           (no ring)
HPRegen 0.27/turn    (no ring)
MPRegen 0.10/turn    (no ring)
                     (no ring)

%: no passive effects
@: lethally poisoned (0 -> -11), beast-form
A: beast (slay +4), almost no armour, amphibious, 8 rings, camouflage 1,
gelatinous body 1, (nimble swimmer 1), tentacles
a: Begin Untransformation


You were on level 4 of the Dungeon.
You were a hulking beast.
You visited 1 branch of the dungeon, and saw 4 of its levels.

You collected 190 gold pieces.
You spent 76 gold pieces at shops.

Inventory:

Jewellery
 d - a ring of ice
 g - a ring of protection from cold (left tentacle)
Talismans
 b - a beast talisman
 c - a flux talisman
Scrolls
 a - a scroll of immolation {unknown}
 e - 4 scrolls of identify
Potions
 f - 4 potions of curing
 h - a potion of berserk rage
 i - a potion of heal wounds
 l - a potion of enlightenment


   Skills:
 + Level 1.2 Fighting
 - Level 2.0 Dodging
 - Level 3.0 Unarmed Combat
 - Level 7.2 Shapeshifting


You had 6 spell levels left.
You didn't know any spells.
Your spell library contained the following spells:

 Spells                   Type           Power      Damage    Failure   Level
 Apportation              Tloc           0%         N/A       28%         1
 Jinxbite                 Hex            0%         N/A       41%         2
 Alistair's Intoxication  Tmut/Pois      0%         N/A       100%        5


Dungeon Overview and Level Annotations

Branches:
Dungeon (4/15)
 Temple: D:4-7

Altars:
Ashenzari
Cheibriados
Uskayaw

Shops:
D:2 !=?:(


Innate Abilities, Weirdness & Mutations

You are a hulking beast.
Your limbs bulge with bestial killing power. (Slay +4)
You cannot wear most types of armour.
You are amphibious.
You can wear up to eight rings at the same time.
Your skin changes colour to match your surroundings (Stealth+).
Your rubbery body absorbs attacks. (AC +1, EV +1)
((You are camouflaged when in or above water. (Stealth+)))
You have tentacles for arms and can constrict up to eight enemies at once.


Message History

The adder poisons you!
You bludgeon the adder! Your grab misses the adder.
The adder is almost dead.
You feel very sick. The adder bites you.
You are more poisoned.
The adder poisons you!
You closely miss the adder. Your grab misses the adder.
The adder is almost dead.
You feel very sick. The adder closely misses you.
You miss the adder. Your grab misses the adder.
The adder is almost dead.
You feel very sick. The adder closely misses you.
You tentacle-slap the adder.
You kill the adder!
You feel sick.
You tentacle-slap the scorpion. You grab the scorpion.
You squeeze the scorpion, but do no damage.
The scorpion is moderately wounded.
You constrict the scorpion, but do no damage.
You feel sick. The scorpion stings you.
* * * LOW HITPOINT WARNING * * *
You tentacle-slap the scorpion.
The scorpion is moderately wounded.
You constrict the scorpion, but do no damage.
You feel sick. The scorpion completely misses you.
You tentacle-slap the scorpion but do no damage.
The scorpion is moderately wounded.
You constrict the scorpion, but do no damage.
You feel sick. The scorpion stings you.
* * * LOW HITPOINT WARNING * * *
You are lethally poisoned!
The scorpion poisons you!
You feel better.
You constrict the scorpion. The scorpion stings you!
* * * LOW HITPOINT WARNING * * *
You are lethally poisoned!
The scorpion poisons you! The scorpion stings you.
You die...

##. .### ## ... ... #..
.. ..#######'#######
..<.#.............#
.#.#.............#
..#.......)(....#
#s#..........†..#
#h#....##.##....#
##.###.#....#...#....##
........'.............'.
.######.#....#...#....#)
#.#....##.##....#.
#.#.............#.
..#.............#.
###.............##
#.............#.


You could see a scorpion.

Vanquished Creatures
  A sky beast (D:3)
  A phantom (D:4)
  3 hounds
  An iguana (D:4)
  Terence (D:2)
  Robin (D:2)
  3 adders
  2 worms
  3 dart slugs
  6 orcs
  9 ball pythons
  6 endoplasms
  5 giant cockroaches
  16 goblins
  9 hobgoblins
  4 jackals (D:2)
  13 kobolds
  2 quokkas
  4 bats
  4 frilled lizards
  4 rats
98 creatures vanquished.

Notes
Turn   | Place    | Note
-------+----------+-------------------------------------------
     0 | D:1      | Maxmaps the Octopode Shapeshifter began the quest for the
                  | Orb.
     0 | D:1      | Reached XP level 1. HP: 13/13 MP: 1/1
   249 | D:1      | Reached XP level 2. HP: 17/18 MP: 2/2
   639 | D:1      | Reached XP level 3. HP: 20/23 MP: 3/3
   825 | D:1      | Reached skill level 4 in Shapeshifting
   922 | D:2      | Noticed Robin
  1041 | D:2      | Killed Robin
  1050 | D:2      | Reached XP level 4. HP: 19/28 MP: 4/4
  1121 | D:2      | Noticed Terence
  1134 | D:2      | Killed Terence
  1196 | D:2      | Found Winour's Jewellery Shop.
  1213 | D:2      | Found Omnissus's Distillery.
  1227 | D:2      | Bought a potion of heal wounds for 50 gold pieces
  1247 | D:2      | Reached skill level 5 in Shapeshifting
  1358 | D:2      | Found Teedergh's Book Shop.
  1399 | D:2      | Found Gucuam's Magic Scroll Boutique.
  1466 | D:2      | Bought a scroll of identify for 26 gold pieces
  1678 | D:2      | Found Ymad's Weapon Shoppe.
  1720 | D:3      | Reached XP level 5. HP: 26/33 MP: 5/5
  1854 | D:3      | Found a faded altar of an unknown god.
  2145 | D:3      | Noticed a sky beast
  2173 | D:3      | Killed a sky beast
  2174 | D:3      | Reached skill level 6 in Shapeshifting
  2174 | D:3      | Reached XP level 6. HP: 28/38 MP: 6/6
  2348 | D:3      | Found a snail-covered altar of Cheibriados.
  2357 | D:3      | Found a broken altar of Ashenzari.
  2636 | D:4      | Found a hide-covered altar of Uskayaw.
  2646 | D:4      | Identified the +6 falchion of Doom {drain, rC- rN+ Dex+3
                  | Stlth+}
  2710 | D:4      | Reached skill level 7 in Shapeshifting
  2866 | D:4      | Reached XP level 7. HP: 36/43 MP: 7/7
  2876 | D:4      | Slain by a scorpion

Illustrated notes

Levels and vault maps discovered:
D:1:      kilobyte_arrival_exit_the_forest, layout_basic
D:2:      layout_rooms, serial_shops, nicolae_diamond_shop,
          nicolae_shop_bloodbath_and_beyond, shop, nicolae_shop_statue_plus,
          shop, minmay_goblin_kobold_house, uniq_terence, uniq_robin
D:3:      layout_basic, mainiacjoe_overflow_swirl,
          shapermc_ecumenical_altar_mp_ritualfount
D:4:      layout_loops_corners, mainiacjoe_overflow_chevrons,
          eat_drink_and_be_merry_uskayaw, kennysheep_generic_room_2

Skill      XL: |  1  2  3  4  5  6 |
---------------+-------------------+-----
Shapeshifting  | 4 5 6 7 |  7.2
Fighting       | |  1.2
Dodging        | |  2.0
Unarmed Combat | |  3.0

Action                     |  1- 3 |  4- 6 |  7- 9 || total
---------------------------+-------+-------+-------++-------
  Melee: Unarmed           |    64 |   139 |    10 ||   213
         Constrict         |    23 |    26 |     1 ||    50
         Tentacles         |    16 |    25 |     1 ||    42
         Punch             |     1 |     2 |       ||     3
    Use: Scroll            |       |     7 |       ||     7
         Potion            |       |     2 |     1 ||     3
   Stab: Sleeping          |     7 |     9 |       ||    16
         Distracted        |       |     1 |       ||     1
 Armour: Skin              |    32 |    81 |     8 ||   121
  Dodge: Dodged            |    47 |    59 |     4 ||   110

Table legend: (Time is in decaauts)
 A = Elapsed time spent in this place.
 B = Non-inter-level travel time spent in this place.
 C = Inter-level travel time spent in this place.
 D = Time resting spent in this place.
 E = Time spent auto-exploring this place.
 F = Levels seen in this place.
 G = Mean time per level.
                   A        B        C        D        E       F      G
               +--------+--------+--------+--------+--------+-----+--------+
         Total |   2861 |   2765 |     96 |    301 |   1920 |   4 |  715.2 |
       Dungeon |   2861 |   2765 |     96 |    301 |   1920 |   4 |  715.2 |
               +--------+--------+--------+--------+--------+-----+--------+

Top non-repeatable levels by time:
     D:1: 865 daAuts
     D:2: 837 daAuts
     D:3: 669 daAuts
     D:4: 489 daAuts
